 Dungeon Crawl Stone Soup version 0.30.1-11-g7821555f0a (webtiles) character file.

Game seed: 13932983505902959680

34206 Glamurio the Nimble (level 13, -6/103 HPs)
             Began as a Gnoll Gladiator on Jan 7, 2024.
             Was the Champion of Qazlal.
             Killed from afar by a deep elf zephyrmancer (29 damage)
             ... with a bolt of lightning
             ... on level 1 of the Elven Halls.
             The game lasted 02:37:09 (18810 turns).

Glamurio the Nimble (Gnoll Gladiator)              Turns: 18810, Time: 02:37:09

Health: -6/103     AC: 27    Str: 18    XL:     13   Next: 75%
Magic:  0/25       EV: 13    Int:  8    God:    Qazlal [******]
Gold:   1427       SH: 19    Dex: 14    Spells: 29/29 levels left

rFire   + . .        Y - +4 scimitar (heavy)
rCold   x . .        J - +0 kite shield
rNeg    . . .        D - +4 plate armour
rPois   .            c - +0 helmet
rElec   .            b - +2 cloak
rCorr   .            X - +0 pair of gloves
SInv    .            (no boots)
Will    .....        F - amulet of guardian spirit Stlth
                     N - +5 ring of evasion
HPRegen 0.37/turn    Z - ring of fire
MPRegen 0.19/turn

%: repel missiles, guardian spirit
@: protected from physical damage
A: fangs 1, strong nose, distributed training
a: Renounce Religion, Upheaval, Elemental Force, Disaster Area


You were on level 1 of the Elven Halls.
You worshipped Qazlal.
Qazlal was exalted by your worship.
You visited 4 branches of the dungeon, and saw 13 of its levels.

You collected 1531 gold pieces.
You spent 104 gold pieces at shops.

Inventory:

Hand Weapons
 a - a +0 flail of flaming
 i - a +3 heavy glaive
 m - a +2 morningstar of protection
 r - a +3 flail of holy wrath
 T - a +4 great sword of chaos
 W - a +4 quarterstaff of chaos
 Y - a +4 heavy scimitar (weapon)
Missiles
 h - 16 poisoned darts
 j - 7 curare-tipped darts
 k - 4 silver boomerangs (quivered)
 x - 3 silver javelins
 E - a throwing net
 P - 13 boomerangs
 V - a javelin
Armour
 b - a +2 cloak (worn)
 c - a +0 helmet (worn)
 D - a +4 plate armour (worn)
 J - a +0 kite shield (worn)
 X - a +0 pair of gloves (worn)
Jewellery
 u - a ring of protection from fire
 F - an amulet of guardian spirit (around neck)
 L - an amulet of the acrobat
 N - a +5 ring of evasion (left hand)
 Z - a ring of fire (right hand)
Wands
 d - a wand of polymorph (15)
 w - a wand of charming (16)
 B - a wand of light (2)
 K - a wand of iceblast (4)
Scrolls
 e - a scroll of poison
 n - a scroll of fear
 p - 2 scrolls of magic mapping
 s - a scroll of fog
 y - 2 scrolls of enchant armour {unknown}
 A - 4 scrolls of teleportation
 G - 3 scrolls of enchant weapon
 M - 2 scrolls of immolation
 O - a scroll of vulnerability
 R - a scroll of torment
 U - a scroll of blinking
Potions
 f - 2 potions of invisibility
 g - a potion of ambrosia {unknown}
 l - 2 potions of haste
 o - a potion of mutation
 q - 6 potions of attraction
 t - a potion of might {unknown}
 v - 3 potions of lignification
 z - a potion of flight
 C - a potion of cancellation {unknown}
 H - 3 potions of curing
 I - 4 potions of brilliance
 Q - a potion of degeneration {unknown}
 S - 2 potions of magic


   Skills:
 + Level 10.0 Fighting
 + Level 8.8 Short Blades
 + Level 8.8 Long Blades
 + Level 8.8 Axes
 + Level 11.0 Maces & Flails
 + Level 8.8 Polearms
 + Level 8.8 Staves
 + Level 8.8 Ranged Weapons
 + Level 10.0 Throwing
 + Level 8.8 Armour
 + Level 11.0 Dodging
 + Level 8.8 Stealth
 + Level 8.8 Shields
 + Level 8.8 Unarmed Combat
 + Level 8.8 Spellcasting
 + Level 7.3 Conjurations
 + Level 7.3 Hexes
 + Level 7.3 Summonings
 + Level 7.3 Necromancy
 + Level 7.3 Translocations
 + Level 7.3 Transmutations
 + Level 7.3 Fire Magic
 + Level 7.3 Ice Magic
 + Level 7.3 Air Magic
 + Level 7.3 Earth Magic
 + Level 7.3 Poison Magic
 + Level 9.7 Invocations
 + Level 8.8 Evocations


You had 29 spell levels left.
You didn't know any spells.
Your spell library contained the following spells:

 Spells                   Type           Power      Damage    Failure   Level
 Static Discharge         Conj/Air       30%        2-4/arc   56%         2
 Dazzling Flash           Conj/Hex       30%        N/A       80%         3
 Hailstorm                Conj/Ice       15%        3d5       80%         3
 Airstrike                Air            7%         2d(2-18)  99%         4
 Ice Form                 Ice/Tmut       15%        N/A       99%         4
 Summon Lightning Spire   Summ/Air       15%        N/A       99%         4
 Agony                    Necr           15%        N/A       100%        5
 Blade Hands              Tmut           7%         N/A       100%        5
 Irradiate                Conj/Tmut      7%         3d14      100%        5
 Silence                  Hex/Air        7%         N/A       100%        5
 Simulacrum               Ice/Necr       7%         N/A       100%        6
 Dragon Form              Tmut           7%         N/A       100%        7
 Chain Lightning          Conj/Air       7%         3d10      100%        9
 Fire Storm               Conj/Fire      11%        8d3       100%        9
 Shatter                  Erth           7%         3d10*     100%        9


Dungeon Overview and Level Annotations

Branches:
Dungeon (9/15)             Temple (1/1) D:7             Orc (2/2) D:9
    Elf (1/3) Orc:2
   Lair: D:8-11

Altars:
Ashenzari
Cheibriados
Dithmenos
Elyvilon
Fedhas
Gozag
Hepliaklqana
Kikubaaqudgha
Makhleb
Nemelex Xobeh
Okawaru
Qazlal
Ru
Sif Muna
Trog
Uskayaw
Vehumet
Wu Jian
Xom
Yredelemnul
Zin
The Shining One

Shops:
D:5 ?   D:9 [   Orc:1 ?   Orc:2 (=[*   Elf:1 [


Innate Abilities, Weirdness & Mutations

You have very sharp teeth.
Your uncanny sense of smell can sniff out nearby items.
Your experience applies equally to all skills.


Message History

You start resting.
You feel yourself speed up.
You start resting.
HP restored.
There is an open door here.
There is an open door here.
You hear a shout! x2
There is an open door here.
You hear a shout!
A deep elf zephyrmancer comes into view.
It is wielding a +0 short sword.
The deep elf zephyrmancer points at you and mumbles some strange words.
The bolt of lightning hits you!!
You hear a shout! x2
The deep elf zephyrmancer casts a spell.
The deep elf zephyrmancer blinks!
The deep elf zephyrmancer closely misses you.
You barely miss the deep elf zephyrmancer.
Your bite misses the deep elf zephyrmancer.
The deep elf zephyrmancer gestures at you while chanting.
The bolt of lightning hits you!
The deep elf zephyrmancer hits you with a +0 short sword.
You feel protected from physical attacks.
You hear a shout!
You slice the deep elf zephyrmancer!!
The deep elf zephyrmancer is heavily wounded.
The deep elf zephyrmancer hits you but does no damage.
You slice the deep elf zephyrmancer!!
The deep elf zephyrmancer is almost dead.
The deep elf zephyrmancer gestures at you while chanting.
The bolt of lightning hits you!!
The deep elf zephyrmancer casts a spell at you.
The bolt of lightning hits you!!!
* * * LOW HITPOINT WARNING * * *
You hear a shout!
Blink to where?
Press: ? - help, Q - select action, (/) - cycle Dir - move target
As you read the scroll of blinking, it crumbles to dust.
The deep elf zephyrmancer points at you and mumbles some strange words.
The bolt of lightning hits you!!!
You die...

#...'## ####### ##.## #...##
....... ##.###### .....#
##.......### ##)#...###
.....##...........# #.......#
....>.#..^........# #...)...#
......#...........####.).....#
#'#####........○).'..'.......#
#.# ........§§.####.).....#
#)# ........@§# ##'...###
#'### ......§...# #.#####
....## #...(.....# #.# .....##
#.......#'##..
......###########.### .......#
###...### .......###
#....e..### .......#.'
#.....#.....##'# .......'.
......###§○....#


You could see a deep elf zephyrmancer.

Vanquished Creatures
  2 orc warlords (Orc:2)
  The ghost of GriffinBr the Carver, a journeyman MiBe of Trog (Orc:2)
  A dancing weapon (Elf:1)
  5 orc high priests
  2 deep elf knights
  2 deep elf archers (Elf:1)
  8 deep elf zephyrmancers (Elf:1)
  Pikel (D:8)
  5 deep elf pyromancers (Elf:1)
  8 orc knights
  4 orc sorcerers
  Psyche (D:8)
  2 trolls
  The ghost of raetorn the Carver, an amateur MfGl (D:5)
  A shadow (D:9)
  A wraith (D:8)
  4 yaks (D:9)
  2 fire elementals (Elf:1)
  Grum (D:8)
  A steam dragon (D:7)
  2 wargs
  A water moccasin (D:5)
  26 orc warriors
  A sky beast (D:6)
  5 ice beasts
  6 ogres
  3 wolves
  4 centaurs
  2 lemures (D:8)
  2 kobold brigands (D:5)
  3 bullfrogs
  5 scorpions
  7 wights
  7 killer bees
  3 howler monkeys (D:8)
  3 jellies
  Crazy Yiuf (D:7)
  3 gnoll boudas
  19 orc priests
  8 hounds
  2 iguanas
  Terence (D:3)
  24 orc wizards
  A sleepcap (D:5)
  13 gnolls
  9 adders
  2 river rats (D:3)
  A shadow imp (D:6)
  2 white imps
  2 ufetubi
  5 worms
  6 dart slugs
  81 orcs
  5 endoplasms
  A giant cockroach (D:3)
  5 goblins
  9 hobgoblins
  8 jackals
  7 quokkas
  6 ball pythons
  5 bats
  5 frilled lizards
  17 kobolds
  9 rats
390 creatures vanquished.

Vanquished Creatures (others)
  An orc wizard (Orc:2)
1 creature vanquished.

Grand Total: 391 creatures vanquished

Notes
Turn   | Place    | Note
-------+----------+-------------------------------------------
     0 | D:1      | Glamurio the Gnoll Gladiator began the quest for the Orb.
     0 | D:1      | Reached XP level 1. HP: 20/20 MP: 1/1
   121 | D:1      | Reached XP level 2. HP: 21/26 MP: 2/2
   361 | D:1      | Reached XP level 3. HP: 31/31 MP: 3/3
   690 | D:1      | Reached skill level 1 in Invocations
   878 | D:2      | Found a stormy altar of Qazlal.
   907 | D:2      | Reached skill level 1 in Short Blades
   907 | D:2      | Reached skill level 1 in Long Blades
   907 | D:2      | Reached skill level 1 in Axes
   907 | D:2      | Reached skill level 1 in Polearms
   907 | D:2      | Reached skill level 1 in Staves
   907 | D:2      | Reached skill level 1 in Ranged Weapons
   907 | D:2      | Reached skill level 1 in Armour
   907 | D:2      | Reached skill level 1 in Stealth
   907 | D:2      | Reached skill level 1 in Shields
   907 | D:2      | Reached skill level 1 in Unarmed Combat
   907 | D:2      | Reached skill level 1 in Spellcasting
   907 | D:2      | Reached skill level 1 in Evocations
   942 | D:2      | Became a worshipper of Qazlal Stormbringer
  1290 | D:2      | Reached XP level 4. HP: 35/38 MP: 5/5
  1727 | D:2      | Reached skill level 1 in Conjurations
  1727 | D:2      | Reached skill level 1 in Hexes
  1727 | D:2      | Reached skill level 1 in Summonings
  1727 | D:2      | Reached skill level 1 in Necromancy
  1727 | D:2      | Reached skill level 1 in Translocations
  1727 | D:2      | Reached skill level 1 in Transmutations
  1727 | D:2      | Reached skill level 1 in Fire Magic
  1727 | D:2      | Reached skill level 1 in Ice Magic
  1727 | D:2      | Reached skill level 1 in Air Magic
  1727 | D:2      | Reached skill level 1 in Earth Magic
  1727 | D:2      | Reached skill level 1 in Poison Magic
  1860 | D:3      | Noticed an ice beast
  1875 | D:3      | Killed an ice beast
  1876 | D:3      | Reached XP level 5. HP: 43/43 MP: 4/7
  1908 | D:3      | Reached XP level 6. HP: 45/50 MP: 5/8
  1908 | D:3      | Reached * piety under Qazlal
  2017 | D:3      | Found a shimmering blue altar of Sif Muna.
  2087 | D:3      | Noticed Terence
  2098 | D:3      | Killed Terence
  2099 | D:3      | Reached skill level 5 in Fighting
  2099 | D:3      | Reached skill level 5 in Throwing
  3341 | D:4      | Reached XP level 7. HP: 56/56 MP: 10/10
  3912 | D:5      | Entered Level 5 of the Dungeon
  4016 | D:5      | Reached ** piety under Qazlal
  4099 | D:5      | Reached XP level 8. HP: 44/63 MP: 8/12
  4789 | D:5      | Found Edovyofyo's Magic Scroll Emporium.
  4792 | D:5      | Bought a scroll of summoning for 104 gold pieces
  4929 | D:5      | Found a runed translucent gate.
  5037 | D:5      | Noticed raetorn's ghost (amateur MfGl)
  5038 | D:5      | Found a runed translucent gate.
  5039 | D:5      | Found a runed translucent gate.
  5121 | D:5      | Killed raetorn's ghost
  5122 | D:5      | Reached XP level 9. HP: 47/69 MP: 4/14
  5647 | D:6      | Reached *** piety under Qazlal
  6084 | D:6      | Found a basalt altar of Yredelemnul.
  6110 | D:6      | Reached skill level 5 in Invocations
  6696 | D:7      | Found a staircase to the Ecumenical Temple.
  6815 | D:7      | Found a sacrificial altar of Ru.
  6898 | D:7      | Found a glowing silver altar of Zin.
  6911 | D:7      | Found an ornate altar of the Wu Jian Council.
  6913 | D:7      | Found a hazy altar of Hepliaklqana.
  6918 | D:7      | Found an iron altar of Okawaru.
  6918 | D:7      | Found a snail-covered altar of Cheibriados.
  6921 | D:7      | Found an opulent altar of Gozag.
  6922 | D:7      | Found a bloodstained altar of Trog.
  6935 | D:7      | Found a hide-covered altar of Uskayaw.
  7205 | D:7      | Found a runed translucent door.
  7206 | D:7      | Noticed Crazy Yiuf
  7215 | D:7      | Killed Crazy Yiuf
  7289 | Temple   | Entered the Ecumenical Temple
  7551 | D:8      | Noticed Grum
  7552 | D:8      | Noticed Pikel
  7626 | D:8      | Reached skill level 5 in Short Blades
  7626 | D:8      | Reached skill level 5 in Long Blades
  7626 | D:8      | Reached skill level 5 in Axes
  7626 | D:8      | Reached skill level 5 in Polearms
  7626 | D:8      | Reached skill level 5 in Staves
  7626 | D:8      | Reached skill level 5 in Ranged Weapons
  7626 | D:8      | Reached skill level 5 in Armour
  7626 | D:8      | Reached skill level 5 in Stealth
  7626 | D:8      | Reached skill level 5 in Shields
  7626 | D:8      | Reached skill level 5 in Unarmed Combat
  7626 | D:8      | Reached skill level 5 in Spellcasting
  7626 | D:8      | Reached skill level 5 in Evocations
  7626 | D:8      | Reached XP level 10. HP: 57/77 MP: 12/17
  7645 | D:7      | Reached **** piety under Qazlal
  8068 | D:8      | Killed Grum
  8149 | D:8      | Killed Pikel
  8737 | D:8      | Noticed Psyche
  8762 | D:8      | Killed Psyche
  9156 | D:8      | Found a blossoming altar of Fedhas.
  9171 | D:8      | Found a stormy altar of Qazlal.
  9862 | D:9      | Found Asommimm's Antique Armour Emporium.
  9981 | D:9      | Found a staircase to the Orcish Mines.
 10173 | D:9      | Reached skill level 5 in Conjurations
 10173 | D:9      | Reached skill level 5 in Hexes
 10173 | D:9      | Reached skill level 5 in Summonings
 10173 | D:9      | Reached skill level 5 in Necromancy
 10173 | D:9      | Reached skill level 5 in Translocations
 10173 | D:9      | Reached skill level 5 in Transmutations
 10173 | D:9      | Reached skill level 5 in Fire Magic
 10173 | D:9      | Reached skill level 5 in Ice Magic
 10173 | D:9      | Reached skill level 5 in Air Magic
 10173 | D:9      | Reached skill level 5 in Earth Magic
 10173 | D:9      | Reached skill level 5 in Poison Magic
 10173 | D:9      | Reached XP level 11. HP: 87/87 MP: 18/21
 10308 | Orc:1    | Entered Level 1 of the Orcish Mines
 10498 | Orc:2    | Entered Level 2 of the Orcish Mines
 10613 | Orc:2    | Reached ***** piety under Qazlal
 10741 | Orc:2    | Noticed an orc knight
 10755 | Orc:2    | Found a staircase to the Elven Halls.
 10797 | Orc:2    | Killed an orc knight
 10798 | Orc:2    | Reached XP level 12. HP: 37/94 MP: 6/22
 11247 | Orc:2    | Noticed an orc high priest
 11247 | Orc:2    | Noticed an orc high priest
 11250 | Orc:2    | Noticed a sun demon
 11254 | Orc:2    | Noticed a sun demon
 11254 | Orc:2    | Noticed an orc warlord
 11260 | Orc:2    | Killed an orc high priest
 11282 | Orc:1    | Found Jaittish's Magic Scroll Shop.
 11502 | Orc:2    | Noticed a soul eater
 12185 | Orc:2    | Paralysed by an orc sorcerer for 5 turns
 12193 | Orc:2    | Reached skill level 10 in Maces & Flails
 12193 | Orc:2    | Reached skill level 10 in Dodging
 12442 | Orc:2    | HP: 2/94 [orc warlord/+3 heavy glaive (28)]
 12452 | Orc:2    | Killed an orc warlord
 13845 | Orc:2    | Killed an orc high priest
 14251 | Orc:2    | Noticed an orc high priest
 14255 | Orc:2    | Killed an orc high priest
 14284 | Orc:2    | Noticed an orc high priest
 14294 | Orc:2    | Killed an orc high priest
 14571 | Orc:2    | Found Ybytug's General Store.
 14572 | Orc:2    | Found Ymybemak's Jewellery Emporium.
 14574 | Orc:2    | Found Dosyrrajae's Antique Armour Emporium.
 14574 | Orc:2    | Found Peusue's Antique Weapon Shoppe.
 15011 | Elf:1    | Entered Level 1 of the Elven Halls
 15011 | Elf:1    | Noticed a deep elf knight
 15092 | Orc:2    | Killed a deep elf knight
 15339 | Elf:1    | Found Cuetrewo's Antique Armour Boutique.
 15704 | Orc:2    | Reached XP level 13. HP: 68/101 MP: 17/25
 16321 | Orc:1    | Noticed GriffinBr's ghost (journeyman MiBe)
 16322 | Orc:1    | Found a runed translucent gate.
 16323 | Orc:1    | Identified the +1 plate armour "Dokiycw" {rF+ rN+}
 16323 | Orc:1    | Noticed an orc warlord
 16323 | Orc:1    | Found a runed translucent gate.
 16324 | Orc:1    | Found a runed translucent gate.
 16913 | Orc:2    | Killed an orc warlord
 17238 | Orc:2    | Killed GriffinBr's ghost
 18672 | Elf:1    | Reached skill level 10 in Fighting
 18672 | Elf:1    | Reached skill level 10 in Throwing
 18682 | Elf:1    | Reached ****** piety under Qazlal
 18810 | Elf:1    | Killed from afar by a deep elf zephyrmancer

Illustrated notes

Levels and vault maps discovered:
D:1:      dpeg_arrival_yet_another_circle, layout_basic, st_stairs_5
D:2:      layout_basic, basic_altar
D:3:      layout_loops_ring, nicolae_sif_muna_little_library,
          gup_sewer_entry_spiral, uniq_terence
D:4:      layout_cave_pods
D:5:      layout_loops_ring, gammafunk_ghost_nasty_kobolds, serial_shops,
          nicolae_shop_rolled_up, grunt_ministairs_3, nicolae_figureground_pulse
D:6:      layout_rooms, yredelemnul_altar_generic,
          hangedman_abyss_or_decor_stagger
D:7:      layout_loops_ring, nicolae_ru_the_path_less_chosen, minitemple,
          minmay_temple_entry_glass, minivault_1, uniq_crazy_yiuf_cottage
D:8:      layout_rooms, grunt_temple_overflow_forces_of_nature, uniq_grum,
          uniq_pikel, uniq_psyche
D:9:      layout_basic, orc_0_dummy, hex_medium, nicolae_stop_n_shop_2,
          due_unseen_surprise
Temple:   grunt_temple_mini_profane
Orc:1:    layout_caves, serial_shops, shop, biasface_ghost_orc_armoury
Orc:2:    st_orc_congregation, layout_diamond_mine
Elf:1:    layout_geoelf_octagon, serial_shops, shop, minmay_elf_crystal_hexagon

Skill      XL: |  1  2  3  4  5  6  7  8  9 10 11 12 13 |
---------------+----------------------------------------+-----
Invocations    | 1 2 3 4 5 7 8 9 |  9.7
Short Blades   | 1 2 3 5 6 7 8 |  8.8
Long Blades    | 1 2 3 5 6 7 8 |  8.8
Axes           | 1 2 3 5 6 7 8 |  8.8
Polearms       | 1 2 3 5 6 7 8 |  8.8
Staves         | 1 2 3 5 6 7 8 |  8.8
Ranged Weapons | 1 2 3 5 6 7 8 |  8.8
Armour         | 1 2 3 5 6 7 8 |  8.8
Stealth        | 1 2 3 5 6 7 8 |  8.8
Shields        | 1 2 3 5 6 7 8 |  8.8
Unarmed Combat | 1 2 3 5 6 7 8 |  8.8
Spellcasting   | 1 2 3 5 6 7 8 |  8.8
Evocations     | 1 2 3 5 6 7 8 |  8.8
Conjurations   | 1 2 3 4 5 6 7 |  7.3
Hexes          | 1 2 3 4 5 6 7 |  7.3
Summonings     | 1 2 3 4 5 6 7 |  7.3
Necromancy     | 1 2 3 4 5 6 7 |  7.3
Translocations | 1 2 3 4 5 6 7 |  7.3
Transmutations | 1 2 3 4 5 6 7 |  7.3
Fire Magic     | 1 2 3 4 5 6 7 |  7.3
Ice Magic      | 1 2 3 4 5 6 7 |  7.3
Air Magic      | 1 2 3 4 5 6 7 |  7.3
Earth Magic    | 1 2 3 4 5 6 7 |  7.3
Poison Magic   | 1 2 3 4 5 6 7 |  7.3
Fighting       | 5 6 8 9 10 | 10.0
Throwing       | 5 6 8 9 10 | 10.0
Maces & Flails | 7 8 9 10 11 | 11.0
Dodging        | 7 8 9 10 11 | 11.0

Action                     |  1- 3 |  4- 6 |  7- 9 | 10-12 | 13-15 || total
---------------------------+-------+-------+-------+-------+-------++-------
  Melee: Flail             |    94 |   187 |   484 |   212 |       ||   977
         Bite              |     5 |    17 |    65 |    51 |    29 ||   167
         Punch             |     1 |     2 |       |       |       ||     3
         Unarmed           |       |       |       |    13 |       ||    13
         Scimitar          |       |       |       |   232 |   185 ||   417
  Throw: Javelin           |       |     2 |     5 |     6 |     4 ||    17
         Throwing net      |       |     2 |     2 |       |       ||     4
         Dart              |       |     2 |       |     1 |    12 ||    15
         Boomerang         |       |       |       |       |     8 ||     8
  Evoke: Wand              |       |       |     2 |    12 |     3 ||    17
    Use: Scroll            |     6 |     4 |     7 |    11 |     2 ||    30
         Potion            |       |       |     1 |     8 |       ||     9
   Stab: Held in net/web   |       |     1 |     1 |       |       ||     2
 Armour: Scale mail        |    38 |    46 |       |       |       ||    84
         Chain mail        |       |    30 |   130 |   100 |       ||   260
         Skin              |       |       |     3 |       |       ||     3
         Plate armour      |       |       |       |   128 |   103 ||   231
  Dodge: Dodged            |    47 |    63 |   114 |   182 |    87 ||   493
         Repelled          |       |       |       |     4 |     4 ||     8
  Block: Kite shield       |       |    65 |   265 |   492 |   209 ||  1031
